 Dungeon Crawl Stone Soup version 0.29-a0-997-gf6f7e2dfe7 (webtiles) character file.

Game seed: 8898434523192864899

419 Sabo the Gusty (level 6, -10/47 HPs)
             Began as a Draconian Air Elementalist on Aug 4, 2022.
             Was a Follower of Qazlal.
             Mangled by siradein's ghost (12 damage)
             ... on level 4 of the Dungeon.
             The game lasted 00:31:55 (7002 turns).

Sabo the Gusty (Draconian Air Elementalist)         Turns: 7002, Time: 00:31:56

Health: -10/47     AC:  6    Str: 13    XL:     6   Next: 62%
Magic:  3/11       EV: 12    Int: 17    God:    Qazlal [*.....]
Gold:   199        SH:  1    Dex: 11    Spells: 10/11 levels left

rFire   x . .      SeeInvis +   j - +8 quick blade of Mijuth {pain, rPois Str+2}
rCold   + . .      Faith    .   (no shield)
rNeg    . . .      Spirit   .   (body armour unavailable)
rPois   +          Reflect  .   (helmet restricted)
rElec   .          Harm     .   (no cloak)
rCorr   .          Rampage  .   (no gloves)
Will    .....                   (no boots)
Stlth   ++........              (no amulet)
HPRegen 0.15/turn               h - ring of see invisible
MPRegen 0.12/turn               y - ring of ice

@: brilliant, very slightly contaminated
A: AC +6, unfitting armour, cold-blooded
a: Renounce Religion


You were on level 4 of the Dungeon.
You worshipped Qazlal.
Qazlal was aware of your devotion.
You visited 1 branch of the dungeon, and saw 4 of its levels.

You collected 199 gold pieces.

Inventory:

Hand Weapons
 d - a +1 dagger of draining
 j - the +8 quick blade of Mijuth (weapon) {pain, rPois Str+2}
   (You acquired it on level 2 of the Dungeon)

   In the hands of one skilled in necromantic magic, it inflicts extra damage on
   living creatures.
   Str:       It affects your strength (+2).
   rPois:     It protects you from poison.
 m - a +0 shortbow
 C - a +7 club
Missiles
 c - 7 atropa-tipped darts (quivered)
 p - 7 poisoned darts
 v - 5 boomerangs
Magical Staves
 g - a staff of air
Jewellery
 h - a ring of see invisible (left hand)
 y - a ring of ice (right hand)
Scrolls
 f - a scroll of enchant armour {unknown}
 n - a scroll of vulnerability {unknown}
 o - a scroll of teleportation
 s - a scroll of butterflies {unknown}
 u - 2 scrolls of identify {unknown}
 w - a scroll of magic mapping {unknown}
 x - a scroll of fear {unknown}
 z - a scroll of poison {unknown}
 A - a scroll of blinking {unknown}
 D - a scroll of enchant weapon {unknown}
Potions
 a - 2 potions of magic
 b - a potion of resistance {unknown}
 e - a potion of might {unknown}
 i - 2 potions of haste {unknown}
 k - 2 potions of brilliance
 l - 2 potions of mutation {unknown}
 q - 2 potions of lignification {unknown}
 r - 2 potions of attraction {unknown}
 t - 7 potions of curing {unknown}
 B - a potion of flight {unknown}
 E - a potion of heal wounds {unknown}


   Skills:
 + Level 1.3 Fighting
 + Level 2.2 Short Blades
 + Level 2.6 Dodging
 + Level 2.5 Stealth
 + Level 0.1 Shields
 + Level 3.3 Spellcasting
 + Level 2.7 Conjurations
 + Level 4.6 Air Magic


You had 10 spell levels left.
You knew the following spells:

 Your Spells              Type           Power      Damage    Failure   Level
a - Shock                 Conj/Air       92%        1d8       3%          1

Your spell library contained the following spells:

 Spells                   Type           Power      Damage    Failure   Level
 Static Discharge         Conj/Air       23%        3-6/arc   5%          2
 Swiftness                Air            27%        N/A       8%          3
 Airstrike                Air            13%        2d(2-18)  26%         4
 Blade Hands              Tmut           2%         N/A       99%         5
 Iron Shot                Conj/Erth      5%         9d2       100%        6
 Animate Armour           Summ/Erth      Unusable   N/A       N/A         4

Dungeon Overview and Level Annotations

Branches:
Dungeon (4/15)
 Temple: D:4-7

Altars:
Qazlal
Sif Muna
Xom

Annotations:
D:4 siradein's ghost, amateur BaBe


Innate Abilities, Weirdness & Mutations

Your plain brown scales are hard. (AC +6)
You cannot fit into any form of body armour.
You are cold-blooded and may be slowed by cold attacks.


Message History

Aiming: Shock (safe; 4% risk of failure)
Press: ? - help, Shift-Dir - straight line, f/p - white imp
Aim: a white imp (severely wounded, 74% to hit)
You feel a surge of power!
You miscast Shock.
Nothing appears to happen.
The white imp hits you but does no damage.
Casting: Shock (safe; 4% risk of failure)
Confirm with . or Enter, or press ? or * to list all spells.
Aiming: Shock (safe; 4% risk of failure)
Press: ? - help, Shift-Dir - straight line, f/p - white imp
Aim: a white imp (severely wounded, 74% to hit)
You feel a surge of power!
The zap misses the white imp.
The zap hits the ice beast.
The ice beast is heavily wounded.
The white imp lashes its tail.
The white imp gestures at you. The puff of frost hits you. You resist.
* * * LOW HITPOINT WARNING * * *
You hit the white imp.
You kill the white imp!
Qazlal accepts your kill. Siradein's ghost barely misses you.
The ice beast hits you.
* * * LOW HITPOINT WARNING * * *
The ice beast freezes you! You resist.
* * * LOW HITPOINT WARNING * * *
You puncture the ice beast!
The ice beast is almost dead.
Siradein's ghost completely misses you.
The ice beast hits you but does no damage.
You hit the ice beast.
The ice beast is almost dead.
You hit the ice beast.
You kill the ice beast!
Qazlal accepts your kill. Siradein's ghost hits you.
* * * LOW HITPOINT WARNING * * *
Your Short Blades skill increases to level 2!
Siradein's ghost hits you but does no damage.
You hit siradein's ghost but do no damage.
Siradein's ghost hits you!
You die...

.......>####.......<###
##........#...........# ###
......................###.##
....###'''###.........##)))##
...##.....Z.##..............##
..##.........#...............#
..#..........##.............##
.##....####...#..○.......(###
.#...###$$##..##@W......##.#
.#..##..... #..#.###.....#.##
.#Z.#...=.. #..#.###........#
##..#..... #..#..##........# #
.......###..##...........## ##
.....Z.....#...#........#
.###..####...##.####.......#
...####..#####..#.#........#
...........................###


You could see siradein's ghost.

Vanquished Creatures
  An ice beast (D:4)
  A scorpion (D:3)
  A hound (D:4)
  An orc wizard (D:3)
  Robin (D:3)
  5 adders
  4 gnolls (D:4)
  A hound simulacrum (D:4)
  A white imp (D:4)
  3 worms
  3 dart slugs
  3 orcs
  6 bats
  8 endoplasms
  2 giant cockroaches
  11 goblins
  15 hobgoblins
  10 jackals
  3 ball pythons
  A frilled lizard (D:2)
  6 kobolds
  6 rats
93 creatures vanquished.

Vanquished Creatures (others)
  4 plants (D:2)
4 creatures vanquished.

Grand Total: 97 creatures vanquished

Notes
Turn   | Place    | Note
-------+----------+-------------------------------------------
     0 | D:1      | Sabo the Draconian Air Elementalist began the quest for the
                  | Orb.
     0 | D:1      | Reached XP level 1. HP: 14/14 MP: 3/3
  1298 | D:1      | Reached XP level 2. HP: 20/20 MP: 5/5
  1948 | D:2      | Reached XP level 3. HP: 26/27 MP: 1/6
  2928 | D:2      | You fall into a shaft and drop 2 floors!
  3394 | D:3      | Reached XP level 4. HP: 16/34 MP: 1/7
  4273 | D:2      | Identified 2 scrolls of acquirement
  4273 | D:2      | Acquired a staff of air
  4277 | D:2      | Acquired the +8 quick blade of Mijuth {pain, rPois Str+2}
  4453 | D:3      | Found a stormy altar of Qazlal.
  4453 | D:3      | Found a shimmering altar of Xom.
  4492 | D:3      | Became a worshipper of Qazlal Stormbringer
  5277 | D:3      | Reached skill level 1 in Fighting
  5382 | D:3      | Found a shimmering blue altar of Sif Muna.
  5389 | D:3      | Reached XP level 5. HP: 38/40 MP: 9/9
  5710 | D:3      | Noticed Robin
  5713 | D:3      | Reached skill level 4 in Air Magic
  5715 | D:3      | Killed Robin
  5857 | D:3      | Found a faded altar of an unknown god.
  5990 | D:4      | Reached skill level 1 in Short Blades
  5998 | D:3      | Reached * piety under Qazlal
  6178 | D:4      | Reached XP level 6. HP: 41/47 MP: 3/10
  6279 | D:4      | Found a runed translucent gate.
  6301 | D:4      | Found a runed translucent gate.
  6301 | D:4      | Found a runed translucent gate.
  6324 | D:4      | Noticed an ice beast
  6353 | D:4      | Noticed siradein's ghost (amateur BaBe)
  7000 | D:4      | Killed an ice beast
  7000 | D:4      | HP: 1/47 [siradein's ghost (3)]
  7002 | D:4      | Mangled by siradein's ghost

Illustrated notes

Levels and vault maps discovered:
D:1:      dpeg_arrival_simpleton_c, layout_basic, minmay_statues_item
D:2:      layout_rooms, serial_bayou_crossing
D:3:      layout_rooms, gammafunk_temple_overflow_statue,
          kennysheep_orc_sif_temple, hellmonk_ecumenical_altar_leap_of_faith,
          minmay_vboxes, uniq_robin
D:4:      layout_cave_pools, gammafunk_ghost_icy

Skill      XL: |  1  2  3  4  5  6 |
---------------+-------------------+-----
Dodging        | 2 |  2.6
Stealth        | 2 |  2.5
Conjurations   | 2 |  2.7
Fighting       | 1 |  1.3
Spellcasting   | 3 |  3.3
Air Magic      | 4 |  4.6
Short Blades   | 1 2 |  2.2
Shields        | |  0.1

Action                   |  1- 3 |  4- 6 || total
-------------------------+-------+-------++-------
Melee: Dagger            |    47 |    19 ||    66
       Unarmed           |     8 |       ||     8
       Tailslap          |     8 |     4 ||    12
       Quick blade       |       |    56 ||    56
       Punch             |       |     2 ||     2
 Cast: Shock             |    65 |    76 ||   141
  Use: Scroll            |     1 |     4 ||     5
       Potion            |     1 |     1 ||     2
Armor: Skin              |    26 |    23 ||    49
Dodge: Dodged            |    54 |    68 ||   122
Block: Other             |       |     2 ||     2

Table legend: (Time is in decaauts)
 A = Elapsed time spent in this place.
 B = Non-inter-level travel time spent in this place.
 C = Inter-level travel time spent in this place.
 D = Time resting spent in this place.
 E = Time spent auto-exploring this place.
 F = Levels seen in this place.
 G = Mean time per level.
                   A        B        C        D        E       F      G
               +--------+--------+--------+--------+--------+-----+--------+
         Total |   6993 |   6993 |      0 |   4019 |      0 |   4 | 1748.2 |
       Dungeon |   6993 |   6993 |      0 |   4019 |      0 |   4 | 1748.2 |
               +--------+--------+--------+--------+--------+-----+--------+

Top non-repeatable levels by time:
     D:3: 2231 daAuts
     D:2: 1811 daAuts
     D:1: 1623 daAuts
     D:4: 1327 daAuts
